 Dungeon Crawl Stone Soup version 0.17.1-2-g5865329 (webtiles) character file.

464 PossumBlood the Magician (level 6, -1/32 HPs)
             Began as a Deep Elf Wizard on Jan 21, 2016.
             Slain by an ice beast (2 damage)
             ... on level 5 of the Dungeon.
             The game lasted 00:22:15 (4384 turns).

PossumBlood the Magician (Deep Elf Wizard)          Turns: 4384, Time: 00:22:15

Health: -1/32      AC:  3    Str:  4    XL:     6   Next: 80%
Magic:  13/18      EV: 12    Int: 25    God:
Gold:   137        SH:  0    Dex: 13    Spells: 6 memorised, 6 levels left

rFire  . . .     SeeInvis +     g - +0 quarterstaff
rCold  . . .     Clarity  .     a - +0 robe
rNeg   + . .     SustAt   .     (shield currently unavailable)
rPois  .         Gourm    .     b - +0 hat
rElec  .         Spirit   .     (no cloak)
rCorr  .         Warding  .     z - +0 pair of gloves
rMut   .         Stasis   .     (no boots)
MR     .....                    (no amulet)
Stlth  ++........               m - ring of see invisible
                                d - ring of positive energy

@: very slightly contaminated, not resistant to hostile enchantments, unstealthy
A: no striking features
a: no special abilities


You were on level 5 of the Dungeon.
You were not hungry.

You visited 1 branch of the dungeon, and saw 5 of its levels.

You collected 137 gold pieces.

Inventory:

Hand Weapons
 f - a +1 dagger of venom
 g - a +0 quarterstaff (weapon)
Armour
 a - a +0 robe (worn)
 b - a +0 hat (worn)
 z - a +0 pair of gloves (worn)
Jewellery
 d - a ring of positive energy (left hand)
 m - a ring of see invisible (right hand)
 n - a +3 ring of strength
Wands
 t - a wand of draining (11)
Scrolls
 j - 3 scrolls of recharging
 v - a scroll of teleportation
Potions
 e - 2 potions of invisibility
 i - a potion of lignification
 k - 2 potions of flight
 l - a potion of agility
 o - a potion of poison {unknown}
 p - a potion of cure mutation {unknown}
 s - a potion of curing {unknown}
 w - a potion of degeneration {unknown}
 A - 2 potions of heal wounds
Books
 c - a book of Minor Magic

   Spells                             Type                      Level
   a - Magic Dart                     Conjuration                  1
   b - Blink                          Translocation                2
   c - Call Imp                       Summoning                    2
   d - Repel Missiles                 Charms/Air                   2
   e - Slow                           Hexes                        2
   f - Conjure Flame                  Conjuration/Fire             3
   g - Mephitic Cloud                 Conjuration/Poison/Air       3
 y - a book of Maledictions

   Spells                             Type                      Level
   a - Corona                         Hexes                        1
   b - Ensorcelled Hibernation        Hexes/Ice                    2
   c - Confuse                        Hexes                        3
   d - Tukima's Dance                 Hexes                        3
   e - Dazzling Spray                 Conjuration/Hexes            3
Comestibles
 h - 5 meat rations
 q - 2 fruits
 r - a beef jerky
 u - a slice of pizza


   Skills:
 - Level 2.4 Dodging
 - Level 2.4 Stealth
 - Level 7.0 Spellcasting
 + Level 6.3 Conjurations
   Level 1.1 Summonings
 - Level 1.1 Translocations


You had 6 spell levels left.
You knew the following spells:

 Your Spells              Type           Power        Failure   Level  Hunger
a - Magic Dart            Conj           ####         1%          1    None
b - Blink                 Tloc           N/A          10%         2    None
c - Repel Missiles        Chrm/Air       #.....       12%         2    None
d - Slow                  Hex            #.......     12%         2    None
e - Conjure Flame         Conj/Fire      ###.....     8%          3    None
f - Mephitic Cloud        Conj/Pois/Air  ###.....     12%         3    None


Dungeon Overview and Level Annotations

Branches:
Dungeon (5/15)
 Temple: D:4-7

Altars:
Ashenzari
Makhleb
Zin

Annotations:
D:5 Edmund


Message History

The magic dart hits the ice beast.
The ice beast is lightly wounded.
The ice beast hits you. The ice beast freezes you!
Casting: Magic Dart
Confirm with . or Enter, or press ? or * to list all spells.
Aiming: Magic Dart
Press: ? - help, Shift-Dir - straight line, f/p - ice beast
Aim: an ice beast (lightly wounded)
The magic dart hits the ice beast.
The ice beast is lightly wounded.
The ice beast hits you.
* * * LOW HITPOINT WARNING * * *
The ice beast freezes you!
* * * LOW HITPOINT WARNING * * *
Casting: Magic Dart
Confirm with . or Enter, or press ? or * to list all spells.
You miscast Blink.
You are very lightly contaminated with residual magic.
Nothing appears to happen.
The ice beast hits you.
You die...

# ...< # ...##
#. .... ...
...# ### ...#
...# ##...#
#@Y.# ##
#######.###
#.# ........#
##.#
.#####..###.##
####..#....#
#.......###.#
#.##.##.# ## #
#.##.# ..##.#


You could see an ice beast.

Vanquished Creatures
  A scorpion (D:3)
  2 hounds (D:4)
  2 orc wizards (D:4)
  4 worker ants (D:4)
  6 adders
  3 gnolls (D:4)
  An ooze (D:2)
  3 worms
  3 giant geckos
  13 orcs
  7 giant cockroaches
  13 goblins
  8 hobgoblins
  2 ball pythons
  10 bats
  2 giant newts
  2 jackals (D:2)
  7 kobolds
  A quokka skeleton (D:4)
  8 rats
98 creatures vanquished.

Notes
Turn   | Place    | Note
--------------------------------------------------------------
     0 | D:1      | PossumBlood the Deep Elf Wizard began the quest for the Orb.
     0 | D:1      | Reached XP level 1. HP: 10/10 MP: 7/7
   208 | D:1      | Reached skill level 5 in Spellcasting
   266 | D:1      | Reached XP level 2. HP: 15/15 MP: 8/10
   899 | D:2      | Learned a level 2 spell: Blink
   902 | D:2      | Learned a level 2 spell: Repel Missiles
   905 | D:2      | Learned a level 2 spell: Slow
   925 | D:2      | Reached XP level 3. HP: 19/19 MP: 9/12
  1016 | D:2      | Reached skill level 6 in Spellcasting
  1171 | D:2      | Learned a level 3 spell: Conjure Flame
  1365 | D:2      | Learned a level 3 spell: Mephitic Cloud
  1490 | D:2      | Reached XP level 4. HP: 24/24 MP: 3/14
  1722 | D:2      | Reached skill level 7 in Spellcasting
  1844 | D:3      | Found a shattered altar of Ashenzari.
  1971 | D:3      | Found a shattered altar of Ashenzari.
  1994 | D:3      | Reached XP level 5. HP: 19/28 MP: 3/16
  2641 | D:3      | Found a glowing silver altar of Zin.
  3167 | D:4      | Reached XP level 6. HP: 22/32 MP: 9/18
  3284 | D:4      | Reached skill level 5 in Conjurations
  4029 | D:4      | Found a burning altar of Makhleb.
  4293 | D:5      | Entered Level 5 of the Dungeon
  4293 | D:5      | Noticed Edmund
  4383 | D:5      | HP: 1/32 [ice beast (7)]
  4384 | D:5      | Slain by an ice beast

Action                   |  1- 3 |  4- 6 || total
-------------------------+-------+-------++-------
Melee: Quarterstaff      |       |     3 ||     3
 Cast: Magic Dart        |    83 |   187 ||   270
       Conjure Flame     |     2 |     1 ||     3
       Blink             |       |     3 ||     3
       Slow              |       |     1 ||     1
       Mephitic Cloud    |       |     1 ||     1
  Use: Scroll            |     4 |     8 ||    12
  Eat: Bread ration      |     1 |     2 ||     3
       Fruit             |       |     1 ||     1
